TOP OF THE 1ST |
Buchanan HS batting - Pitching for Maize HS : RHP Josh Jenkins
|
Pitching: RHP Josh Jenkins
|
|
Batting: SHB Ken Gibson
|
0-0: Called Strike 0-1: Ball 1-1: Ball 2-1: Swinging Strike 2-2: Ball 3-2: Ground out 6-3 (Groundball, 6)
|
Batting: RHB Dave Sawyer
|
0-0: Ball 1-0: Ball 2-0: Swinging Strike 2-1: Ball 3-1: Base on Balls
|
Batting: RHB Ken Miller
|
0-0: Ball Dave Sawyer steals 2nd base 1-0: Ground out 6-3 (Groundball, 6M) Dave Sawyer to third
|
Batting: RHB Jason Stover
|
0-0: Ball 1-0: Ball 2-0: Fly out, F9 (Flyball, 9S)
|
Top of the 1st over - 0 run(s), 0 hit(s), 0 error(s), 1 left on base; Buchanan HS 0 - Maize HS 0 |
BOTTOM OF THE 1ST |
Maize HS batting - Pitching for Buchanan HS : RHP Stephen Beairsto
|
Pitching: RHP Stephen Beairsto
|
|
Batting: RHB Lawrence Howard
|
0-0: Called Strike 0-1: Foul Ball, location: 2F 0-2: SINGLE (Groundball, 5L)
|
Batting: RHB Raúl González
|
0-0: Ball 1-0: Fly out, F8 (Flyball, 8RM)
|
Batting: RHB José Murillo
|
0-0: Ball 1-0: Grounds into double play, 5-4-3 (Groundball, 56)
|
Bottom of the 1st over - 0 run(s), 1 hit(s), 0 error(s), 0 left on base; Buchanan HS 0 - Maize HS 0 |
TOP OF THE 2ND |
Buchanan HS batting - Pitching for Maize HS : RHP Josh Jenkins
|
Batting: RHB Mike Willis
|
0-0: Called Strike 0-1: Ball 1-1: Foul Ball, location: 2F 1-2: Strikes out swinging
|
Batting: RHB Ryan Lyon
|
0-0: Ball 1-0: Ball 2-0: Ball 3-0: Called Strike 3-1: Ground out 4-3 (Groundball, 4M)
|
Batting: RHB Allen Miller
|
0-0: Called Strike 0-1: Foul Ball, location: 2F 0-2: Ball 1-2: Ball 2-2: Ball 3-2: Base on Balls
|
Batting: RHB Michael Elliott
|
0-0: Ball 1-0: Ball 2-0: Called Strike 2-1: Ball 3-1: Swinging Strike 3-2: Foul Ball, location: 2F 3-2: SINGLE (Line Drive, 34D) Allen Miller to second Allen Miller to third
|
Batting: RHB Ernie Ross
|
0-0: Ball 1-0: Ball 2-0: Called Strike 2-1: Ball 3-1: Swinging Strike 3-2: Base on Balls Michael Elliott to second
|
Batting: SHB Ken Gibson
|
0-0: Swinging Strike 0-1: Ball 1-1: Ball 2-1: Foul Ball, location: 2F 2-2: Foul Ball, location: 2F 2-2: Foul Ball, location: 2F 2-2: Strikes out swinging
|
Top of the 2nd over - 0 run(s), 1 hit(s), 0 error(s), 3 left on base; Buchanan HS 0 - Maize HS 0 |
BOTTOM OF THE 2ND |
Maize HS batting - Pitching for Buchanan HS : RHP Stephen Beairsto
|
Batting: RHB Ryan Jackson
|
0-0: Called Strike 0-1: Fly out, F8 (Line Drive, 89M)
|
Batting: RHB Jorge Molina
|
0-0: Called Strike 0-1: Called Strike 0-2: Ball 1-2: Ball 2-2: Ground out 6-3 (Groundball, 6)
|
Batting: LHB Carl Hodge
|
0-0: Ball 1-0: Ball 2-0: Ball 3-0: Base on Balls
|
Batting: SHB Ricardo Gómez
|
0-0: Ball 1-0: Called Strike 1-1: Ball 2-1: Called Strike 2-2: Ball 3-2: Base on Balls Carl Hodge to second
|
Batting: LHB James Macías
|
0-0: Ball 1-0: Called Strike 1-1: Called Strike 1-2: Ball 2-2: Foul Ball, location: 2F 2-2: Foul Ball, location: 2F 2-2: Ball 3-2: Strikes out swinging
|
Bottom of the 2nd over - 0 run(s), 0 hit(s), 0 error(s), 2 left on base; Buchanan HS 0 - Maize HS 0 |
TOP OF THE 3RD |
Buchanan HS batting - Pitching for Maize HS : RHP Josh Jenkins
|
Batting: RHB Dave Sawyer
|
0-0: SINGLE (Flyball, 8LS)
|
Batting: RHB Ken Miller
|
0-0: Ball 1-0: Ball 2-0: Ball 3-0: Base on Balls Dave Sawyer to second
|
Batting: RHB Jason Stover
|
0-0: Ball 1-0: Called Strike 1-1: Ball 2-1: Ball 3-1: Called Strike 3-2: Strikes out looking
|
Batting: RHB Mike Willis
|
0-0: Fly out, F8 (Flyball, 8RM)
|
Batting: RHB Ryan Lyon
|
0-0: Ball 1-0: Foul Ball, location: 2F 1-1: Ground out 5-3 (Groundball, 5S)
|
Top of the 3rd over - 0 run(s), 1 hit(s), 0 error(s), 2 left on base; Buchanan HS 0 - Maize HS 0 |
BOTTOM OF THE 3RD |
Maize HS batting - Pitching for Buchanan HS : RHP Stephen Beairsto
|
Batting: RHB Lorenzo Hernández
|
0-0: Ball 1-0: SINGLE (Flyball, 9LS)
|
Batting: RHB Lawrence Howard
|
0-0: Ball 1-0: Swinging Strike 1-1: Foul Ball, location: 2F 1-2: Ball 2-2: SINGLE (Groundball, 6MD) Lorenzo Hernández to second
|
Batting: RHB Raúl González
|
0-0: Called Strike 0-1: Foul Ball, location: 2F 0-2: Strikes out looking
|
Batting: RHB José Murillo
|
0-0: Ball 1-0: Ball 2-0: 3-RUN HOME RUN (Flyball, 78XD), Distance : 427 ft
|
Batting: RHB Ryan Jackson
|
0-0: Ball 1-0: Called Strike 1-1: Swinging Strike 1-2: Strikes out swinging
|
Batting: RHB Jorge Molina
|
0-0: Ball 1-0: Called Strike 1-1: Swinging Strike 1-2: Foul Ball, location: 2F 1-2: Ball 2-2: Strikes out swinging
|
Bottom of the 3rd over - 3 run(s), 3 hit(s), 0 error(s), 0 left on base; Buchanan HS 0 - Maize HS 3 |
TOP OF THE 4TH |
Buchanan HS batting - Pitching for Maize HS : RHP Josh Jenkins
|
Batting: RHB Allen Miller
|
0-0: Ball 1-0: Ball 2-0: Called Strike 2-1: Reached on error, E6 (Groundball, 6M)
|
Batting: RHB Michael Elliott
|
0-0: Foul Ball, location: 2F 0-1: Ball 1-1: Ball 2-1: Foul Ball, location: 2F 2-2: Strikes out looking
|
Batting: RHB Ernie Ross
|
0-0: Ball 1-0: Swinging Strike 1-1: Ball 2-1: Ball 3-1: Base on Balls
|
Pitching: LHP Leonard Simmons
|
|
Batting: SHB Ken Gibson
|
0-0: Fielders Choice at 2nd, U6 (Groundball, 6M) Allen Miller to third
|
Batting: RHB Dave Sawyer
|
0-0: Called Strike 0-1: Called Strike 0-2: Ball 1-2: Strikes out swinging
|
Top of the 4th over - 0 run(s), 0 hit(s), 1 error(s), 2 left on base; Buchanan HS 0 - Maize HS 3 |
BOTTOM OF THE 4TH |
Maize HS batting - Pitching for Buchanan HS : RHP Stephen Beairsto
|
Batting: LHB Carl Hodge
|
0-0: Foul Ball, location: 2F 0-1: SINGLE (Groundball, 5D)
|
Batting: SHB Ricardo Gómez
|
0-0: Ball 1-0: Ball 2-0: Called Strike 2-1: Swinging Strike 2-2: Strikes out swinging
|
Batting: LHB James Macías
|
0-0: Called Strike 0-1: Foul Ball, location: 2F 0-2: Ball 1-2: Ball 2-2: Foul Ball, location: 2F 2-2: Ground out 3-1 (Groundball, 34S) Carl Hodge to second
|
Batting: RHB Lorenzo Hernández
|
0-0: Ball 1-0: Foul Ball, location: 2F 1-1: Ball 2-1: Foul Ball, location: 2F 2-2: Ball 3-2: Base on Balls
|
Batting: RHB Lawrence Howard
|
0-0: Called Strike 0-1: Ground out 5-3 (Groundball, 5S)
|
Bottom of the 4th over - 0 run(s), 1 hit(s), 0 error(s), 2 left on base; Buchanan HS 0 - Maize HS 3 |
TOP OF THE 5TH |
Buchanan HS batting - Pitching for Maize HS : LHP Leonard Simmons
|
Batting: RHB Ken Miller
|
0-0: Ball 1-0: Reached on error, E6 (Groundball, 6)
|
Batting: RHB Jason Stover
|
0-0: Ball 1-0: TRIPLE (Flyball, 8RM) Ken Miller scores
|
Batting: RHB Mike Willis
|
0-0: Called Strike 0-1: Ball 1-1: Ball 2-1: DOUBLE (Groundball, 5L) Jason Stover scores
|
Batting: RHB Ryan Lyon
|
0-0: Called Strike 0-1: Ball 1-1: Ball 2-1: Called Strike 2-2: Strikes out swinging
|
Batting: RHB Allen Miller
|
0-0: Fly out, F7 (Flyball, 7S)
|
Batting: RHB Michael Elliott
|
0-0: Ball 1-0: Fly out, F4 (Popup, 3D)
|
Top of the 5th over - 2 run(s), 2 hit(s), 1 error(s), 1 left on base; Buchanan HS 2 - Maize HS 3 |
BOTTOM OF THE 5TH |
Maize HS batting - Pitching for Buchanan HS : RHP Stephen Beairsto
|
Batting: RHB Raúl González
|
0-0: Ball 1-0: Foul Ball, location: 2F 1-1: Foul Ball, location: 2F 1-2: Ball 2-2: Fly out, F7 (Flyball, 7LD)
|
Pitching: LHP John Dunworth
|
|
Batting: RHB José Murillo
|
0-0: Swinging Strike 0-1: Foul Ball, location: 2F 0-2: Fly out, F7 (Flyball, 78M)
|
Batting: RHB Ryan Jackson
|
0-0: Called Strike 0-1: Ground out U3 (Groundball, 3S)
|
Bottom of the 5th over - 0 run(s), 0 hit(s), 0 error(s), 0 left on base; Buchanan HS 2 - Maize HS 3 |
TOP OF THE 6TH |
Buchanan HS batting - Pitching for Maize HS : LHP Leonard Simmons
|
Batting: RHB Ernie Ross
|
0-0: Ball 1-0: Foul Ball, location: 2F 1-1: Called Strike 1-2: Foul Ball, location: 2F 1-2: Foul Ball, location: 2F 1-2: Ball 2-2: Foul Ball, location: 2F 2-2: Ball 3-2: Strikes out swinging
|
Batting: SHB Ken Gibson
|
0-0: Ball 1-0: Fly out, F5 (Popup, 5F)
|
Batting: RHB Dave Sawyer
|
0-0: Called Strike 0-1: Foul Ball, location: 2F 0-2: Ball 1-2: Foul Ball, location: 2F 1-2: Ball 2-2: Ball 3-2: Base on Balls
|
Batting: RHB Ken Miller
|
0-0: Ball 1-0: Called Strike 1-1: Called Strike 1-2: Foul Ball, location: 2F 1-2: Strikes out swinging
|
Top of the 6th over - 0 run(s), 0 hit(s), 0 error(s), 1 left on base; Buchanan HS 2 - Maize HS 3 |
BOTTOM OF THE 6TH |
Maize HS batting - Pitching for Buchanan HS : LHP John Dunworth
|
Batting: RHB Jorge Molina
|
0-0: Foul Ball, location: 2F 0-1: Called Strike 0-2: Ball 1-2: Foul Ball, location: 2F 1-2: Ball 2-2: Ball 3-2: Foul Ball, location: 2F 3-2: Foul Ball, location: 2F 3-2: Base on Balls
|
Batting: LHB Carl Hodge
|
0-0: Ball 1-0: Called Strike 1-1: Foul Ball, location: 2F 1-2: Ball 2-2: SINGLE (Groundball, 4MD) Jorge Molina to second Jorge Molina to third
|
Batting: SHB Ricardo Gómez
|
0-0: Called Strike 0-1: Foul Ball, location: 2F 0-2: Foul Ball, location: 2F 0-2: SINGLE (Groundball, 13) (infield hit) Jorge Molina scores Carl Hodge to second
|
Batting: LHB James Macías
|
0-0: Foul Ball, location: 2F 0-1: Ball 1-1: Ball 2-1: Fly out, F7 (Flyball, 78M)
|
Batting: RHB Lorenzo Hernández
|
0-0: Called Strike 0-1: Fly out, F7 (Flyball, 78S)
|
Batting: RHB Lawrence Howard
|
0-0: Ball 1-0: Ball 2-0: Ball 3-0: Called Strike 3-1: Base on Balls Carl Hodge to third Ricardo Gómez to second
|
Pitching: LHP Ralph Rose
|
|
Batting: RHB Raúl González
|
0-0: Called Strike 0-1: Ball 1-1: Ball 2-1: Ball 3-1: Base on Balls Carl Hodge scores Ricardo Gómez to third Lawrence Howard to second
|
Batting: RHB José Murillo
|
0-0: Swinging Strike 0-1: Fly out, F8 (Flyball, 8RD)
|
Bottom of the 6th over - 2 run(s), 2 hit(s), 0 error(s), 3 left on base; Buchanan HS 2 - Maize HS 5 |
TOP OF THE 7TH |
Buchanan HS batting - Pitching for Maize HS : LHP Leonard Simmons
|
Pitching: RHP Dave Wilson
|
|
Batting: RHB Jason Stover
|
0-0: Called Strike 0-1: Ball 1-1: TRIPLE (Line Drive, 8RM)
|
Batting: RHB Mike Willis
|
0-0: Ball 1-0: Ball 2-0: Called Strike 2-1: Called Strike 2-2: Ball 3-2: Base on Balls
|
Batting: RHB Ryan Lyon
|
0-0: Ball 1-0: Fly out, F8 (Flyball, 8LXD) Runner from 3rd tags up, SCORES, no throw
|
Batting: RHB Allen Miller
|
0-0: Called Strike 0-1: Foul Ball, location: 2F 0-2: Ball 1-2: Foul Ball, location: 2F 1-2: Foul Ball, location: 2F 1-2: Fly out, F5 (Line Drive, 5L)
|
Batting: RHB Michael Elliott
|
0-0: Ground out 4-3 (Groundball, 4)
|
Top of the 7th over - 1 run(s), 1 hit(s), 0 error(s), 1 left on base; Buchanan HS 3 - Maize HS 5 |
BOTTOM OF THE 7TH |
Maize HS batting - Pitching for Buchanan HS : LHP Ralph Rose
|
Batting: RHB Ryan Jackson
|
0-0: Called Strike 0-1: Called Strike 0-2: DOUBLE (Line Drive, 9LM)
|
Batting: RHB Jorge Molina
|
0-0: Swinging Strike 0-1: Foul Ball, location: 2F 0-2: Foul Ball, location: 2F 0-2: Strikes out swinging
|
Batting: LHB Carl Hodge
|
0-0: Ball Passed Ball! Ryan Jackson to third 1-0: Called Strike 1-1: Fly out, F8 (Flyball, 78M) Runner from 3rd tags up, SCORES, throw made
|
Batting: SHB Ricardo Gómez
|
0-0: Ball 1-0: Ball 2-0: Called Strike 2-1: Foul Ball, location: 2F 2-2: Ball 3-2: Base on Balls
|
Batting: LHB James Macías
|
0-0: Swinging Strike 0-1: Ball 1-1: Swinging Strike 1-2: Foul Ball, location: 2F 1-2: Strikes out looking
|
Bottom of the 7th over - 1 run(s), 1 hit(s), 0 error(s), 1 left on base; Buchanan HS 3 - Maize HS 6 |
TOP OF THE 8TH |
Buchanan HS batting - Pitching for Maize HS : RHP Dave Wilson
|
Batting: RHB Ernie Ross
|
0-0: Called Strike 0-1: Ball 1-1: SINGLE (Groundball, 56D)
|
Pitching: RHP Dan Ramsey
|
|
Batting: SHB Ken Gibson
|
0-0: Ball 1-0: Foul Ball, location: 2F 1-1: Swinging Strike 1-2: Foul Ball, location: 2F 1-2: Strikes out looking
|
Batting: RHB Dave Sawyer
|
0-0: Foul Ball, location: 2F Balk! Ernie Ross to second 0-1: Ground out 1-3 (Groundball, 15)
|
Batting: RHB Ken Miller
|
0-0: Foul Ball, location: 2F 0-1: Ball 1-1: Ball 2-1: Reached on error, E6 (Groundball, 6M) Ernie Ross to third
|
Batting: RHB Jason Stover
|
0-0: Ball 1-0: Ball 2-0: Ground out 4-3 (Groundball, 4)
|
Top of the 8th over - 0 run(s), 1 hit(s), 1 error(s), 2 left on base; Buchanan HS 3 - Maize HS 6 |
BOTTOM OF THE 8TH |
Maize HS batting - Pitching for Buchanan HS : LHP Ralph Rose
|
Batting: RHB Lorenzo Hernández
|
0-0: Ball 1-0: Ball 2-0: Ball 3-0: Called Strike 3-1: SINGLE (Groundball, 4M)
|
Batting: RHB Lawrence Howard
|
0-0: Sac Bunt - play at first, batter OUT! 3-4 Lorenzo Hernández to second
|
Batting: RHB Raúl González
|
0-0: Ball 1-0: Ball 2-0: Ball 3-0: Called Strike 3-1: Ground out 4-3 (Groundball, 4M) Lorenzo Hernández to third
|
Batting: RHB José Murillo
|
0-0: Foul Ball, location: 2F 0-1: Swinging Strike 0-2: 2-RUN HOME RUN (Flyball, 78XD), Distance : 439 ft
|
Batting: RHB Ryan Jackson
|
0-0: Called Strike 0-1: Ball 1-1: Fly out, F6 (Line Drive, 6)
|
Bottom of the 8th over - 2 run(s), 2 hit(s), 0 error(s), 0 left on base; Buchanan HS 3 - Maize HS 8 |
TOP OF THE 9TH |
Buchanan HS batting - Pitching for Maize HS : RHP Dan Ramsey
|
Pitching: RHP Charlie Mobley
|
|
Batting: RHB Mike Willis
|
0-0: Called Strike 0-1: Foul Ball, location: 2F 0-2: Ball 1-2: Ball 2-2: SINGLE (Line Drive, 9S)
|
Batting: RHB Ryan Lyon
|
0-0: Called Strike 0-1: Ball 1-1: Reached on error, E4 (Groundball, 4) Mike Willis to second
|
Batting: RHB Allen Miller
|
0-0: Ball 1-0: Ball 2-0: Called Strike 2-1: Swinging Strike 2-2: Fly out, F9 (Flyball, 9M)
|
Batting: RHB Michael Elliott
|
0-0: Ball 1-0: Reached on error, E6 (Groundball, 6) Mike Willis to third Ryan Lyon to second
|
Batting: RHB Ernie Ross
|
0-0: Grounds into double play, 5-4-3 (Groundball, 5)
|
Top of the 9th over - 0 run(s), 1 hit(s), 2 error(s), 2 left on base; Buchanan HS 3 - Maize HS 8 |
|